 Dungeon Crawl Stone Soup version 0.22-a0-448-g1fb7470 (webtiles) character file.

52 Omega the Bolt Thrower (level 4, 0/27 HPs)
             Began as a Kobold Hunter on June 4, 2018.
             Succumbed to an adder's poison
             ... on level 2 of the Dungeon.
             The game lasted 00:03:52 (680 turns).

Omega the Bolt Thrower (Kobold Hunter)               Turns: 680, Time: 00:03:53

Health: 0/27       AC:  3    Str:  9    XL:     4   Next: 8%
Magic:  4/4        EV: 14    Int: 13    God:
Gold:   43         SH:  0    Dex: 15    Spells: 3/3 levels left

rFire    . . .     SeeInvis .   b - +0 short sword
rCold    . . .     Gourm    .   (shield restricted)
rNeg     . . .     Faith    .   c - +0 leather armour
rPois    .         Spirit   .   (no helmet)
rElec    .         Reflect  .   (no cloak)
rCorr    .         Harm     .   (no gloves)
MR       .....                  (no boots)
Stlth    ++........             (no amulet)
HPRegen  0.09/turn              (no ring)
MPRegen  0.09/turn              (no ring)

@: lethally poisoned (0 -> -9)
A: small, carnivore
a: no special abilities


You were on level 2 of the Dungeon.
You were not hungry.

You visited 1 branch of the dungeon, and saw 2 of its levels.

You collected 43 gold pieces.

Inventory:

Hand Weapons
 a - a +1 hand crossbow
 b - a +0 short sword (weapon)
Armour
 c - a +0 leather armour (worn)
Jewellery
 o - a cursed ring of teleportation {unknown}
Scrolls
 g - a scroll of magic mapping {unknown}
 j - a scroll of amnesia {unknown}
 p - a scroll of blinking {unknown}
Potions
 e - 2 potions of cancellation {unknown}
 h - a potion of magic {unknown}
 i - a potion of curing {unknown}
 k - 3 potions of mutation {unknown}
 l - a potion of flight {unknown}
 m - 2 potions of heal wounds {unknown}
 n - a potion of lignification {unknown}
Comestibles
 f - 3 rations


   Skills:
 + Level 2.4 Fighting
 + Level 6.3 Crossbows
 - Level 0.2 Armour
 + Level 2.4 Dodging
 + Level 1.3 Stealth


You had 3 spell levels left.
You didn't know any spells.
Your spell library was empty.

Dungeon Overview and Level Annotations

Branches:
Dungeon (2/15)

Altars:


Innate Abilities, Weirdness & Mutations

You are small and have problems with some larger weapons.
You are carnivorous and can eat meat at any time.


Message History

You miss the adder.
You feel sick. The adder bites you. The kobold completely misses you.
You hit the adder but do no damage.
You feel sick. The adder barely misses you. The adder closely misses you.
The kobold barely misses you.
You hit the kobold but do no damage.
You feel sick. The adder misses you. The kobold hits you but does no damage.
You closely miss the kobold. The adder misses you. The kobold hits you.
* * * LOW HITPOINT WARNING * * *
You closely miss the kobold.
* * * LOW HITPOINT WARNING * * *
You feel sick. The adder bites you.
* * * LOW HITPOINT WARNING * * *
The adder barely misses you. The kobold hits you but does no damage.
You closely miss the kobold.
* * * LOW HITPOINT WARNING * * *
You feel sick. The adder barely misses you. The kobold hits you.
* * * LOW HITPOINT WARNING * * *
You hit the kobold.
The kobold is moderately wounded.
You die...

.......<..[... ..
......[....# #..
...........# #..
.........†.# #.#
...........####.#
........)<...##.#
..............#.#
..........#..(..####.#
..##.....###...>@Kl.(#
.###..#### ##.#.#S.((#
.##...# #.#.#.......
....#.# #...#......(
#.###..# ##.......#>.
..# ##.# #.##..(....
.## .# #.# ..((#.. .#
.# #. ....##< ..


You could see an adder, a kobold and a frilled lizard.

Vanquished Creatures
  An adder (D:2)
  2 oozes (D:1)
  A worm (D:2)
  2 leopard geckos
  2 giant cockroaches
  4 goblins
  7 hobgoblins
  A ball python (D:1)
  3 frilled lizards
  4 kobolds (D:2)
  2 rats (D:2)
29 creatures vanquished.

Notes
Turn   | Place    | Note
-------+----------+-------------------------------------------
     0 | D:1      | Omega the Kobold Hunter began the quest for the Orb.
     0 | D:1      | Reached XP level 1. HP: 12/12 MP: 1/1
    23 | D:1      | Reached skill level 5 in Crossbows
   127 | D:1      | Reached XP level 2. HP: 17/17 MP: 2/2
   435 | D:1      | Reached XP level 3. HP: 19/21 MP: 3/3
   609 | D:2      | Reached skill level 6 in Crossbows
   673 | D:2      | Reached XP level 4. HP: 15/27 MP: 4/4
   679 | D:2      | HP: 1/27 [kobold (1)]
   680 | D:2      | Succumbed to an adder's poison

Vault maps used:
D:1:      scummos_arrival_star, st_stairs_14, minmay_misc_feat_hallway
D:2:      cheibrodos_helix_gallery

Skill      XL: |  1  2  3 |
---------------+----------+-----
Crossbows      | 5 6 |  6.3
Fighting       | |  2.4
Armour         | |  0.2
Dodging        | |  2.4
Stealth        | |  1.3

Action                   |  1- 3 |  4- 6 || total
-------------------------+-------+-------++-------
Melee: Short sword       |     2 |     7 ||     9
 Fire: Hand crossbow     |    69 |       ||    69
Armor: Leather armour    |     7 |     2 ||     9
Dodge: Dodged            |    34 |     9 ||    43

Table legend:
 A = Spawn XP
 B = Non-spawn XP
 C = Spawn XP percentage of total XP
 D = Spawn monster count
 E = Non-spawn monster count
 F = Spawn count percentage of total count
 G = Total turns spent on level
                    A         B        C        D         E        F      G
               +---------+---------+-------+---------+---------+-------+---------
         Total |       0 |      75 |   0.0 |       0 |      29 |   0.0 |   680
               +---------+---------+-------+---------+---------+-------+---------
           D:1 |       0 |      32 |   0.0 |       0 |      12 |   0.0 |   535
           D:2 |       0 |      43 |   0.0 |       0 |      17 |   0.0 |   145
               +---------+---------+-------+---------+---------+-------+---------
